 Zot Defence DCSS version 0.14-a0-3367-g7c2a7eb (webtiles) character file.

411 Iskender the Conjurer (level 6, 0/32 HPs)
             Began as a Deep Elf Conjurer on Mar 19, 2014.
             Was an Initiate of Sif Muna.
             Slain by an adder (2 damage)
             ... in the Realm of Zot (Scenario I: Hall of Zot).
             The game lasted 00:09:23 (623 turns).

Iskender the Conjurer (Deep Elf Conjurer)            Turns: 623, Time: 00:09:23

HP   0/32        AC  2     Str  5      XL: 6   Next: 58%
MP   5/18        EV 13     Int 22      God: Sif Muna [......]
Gold 0           SH  0     Dex 15      Spells:  3 memorised,  4 levels left

rFire  . . .     SeeInvis .     a - +0 short sword
rCold  . . .     Clarity  .     j - +0 robe
rNeg   . . .     Conserve .     (no shield)
rPois  .         rCorr    .     (no helmet)
rElec  .         rRot     .     (no cloak)
SustAb . .       Spirit   .     (no gloves)
rMut   .         Warding  .     (no boots)
Saprov . . .     Stasis   .     (no amulet)
MR     .....                    (no ring)
                                (no ring)

@: lethally poisoned, not resistant to hostile enchantments, fairly stealthy
A: no striking features
a: Make dart trap, Make oklob sapling, Make arrow trap, Make plant, Remove
Curse, Make burning bush, Make altar, Make grenades, Renounce Religion


You were in the Realm of Zot.
You worshipped Sif Muna.
Sif Muna was noncommittal.
You were not hungry.

You visited 1 branch

Inventory:

Hand weapons
 a - a +0,+0 short sword (weapon)
 h - a +0,+0 dagger
Missiles
 k - 2 darts (quivered)
Armour
 j - a +0 robe (worn)
Comestibles
 d - a bread ration
Scrolls
 i - a scroll of blinking
Potions
 b - 3 potions of curing
 e - a potion of heal wounds
 f - a potion of haste
 g - 2 potions of magic
Books
 c - a book of Conjurations

   Spells                             Type                      Level
   *Magic Dart                        Conjuration                  1
   *Searing Ray                       Conjuration                  2
   Dazzling Spray                     Conjuration/Hexes            3
   Fulminant Prism                    Conjuration/Hexes            4
   *Iskenderun's Mystic Blast         Conjuration                  4
   Iskenderun's Battlesphere          Conjuration/Charms           5


   Skills:
 - Level 2.4 Dodging
 - Level 2.4 Stealth
 - Level 3.0 Spellcasting
 + Level 8.8 Conjurations


You had 4 spell levels left.
You knew the following spells:

 Your Spells              Type           Power        Failure   Level  Hunger
a - Magic Dart            Conj           ####         1%          1    None
b - Searing Ray           Conj           #####.       1%          2    ##.....
c - Iskenderun's Mystic   Conj           #####...     3%          4    ####...


Dungeon Overview and Level Annotations

Branches:
    Zot (1/1)

Altars:
Sif Muna


Message History

The adder misses you. The adder bites you. The adder bites you.
The adder closely misses you. The adder bites you. The adder bites you. x2
* * * LOW HITPOINT WARNING * * *
You are poisoned.
The adder poisons you!
You feel sick. The adder closely misses you.
You feel sick. The adder barely misses you. The adder bites you.
* * * LOW HITPOINT WARNING * * *
The adder misses you. The adder bites you.
* * * LOW HITPOINT WARNING * * *
* * * LOW HITPOINT WARNING * * *
You feel sick. The adder bites you.
* * * LOW HITPOINT WARNING * * *
The adder bites you.
You die...

.........# ▓▓▓▓▓▓▓▓▓ #...........
........## ##.......... ......###
###........ ...#### ####.....
######## ########## .......###
###......... ...##....##
##....##.....
....###...###########...###......
.....###......ll@......###.......
.....# ##.....%%S.....## #.......
.....# #.............# #.......
.....# ##...........## #.......
.....# #.....%.....# #.......
.....# ##....%%.....## #.......
....## #.....%.......# ##......
...## ##....%%.......## ##.....
..## #......<%<._....# ##....


You could see 2 iguanas and an adder.

Vanquished Creatures
  A hungry ghost (Zot)
  A hound (Zot)
  2 oozes (Zot)
  2 ball pythons (Zot)
  A giant cockroach (Zot)
  A hobgoblin (Zot)
  3 bats (Zot)
  A giant gecko (Zot)
  A goblin (Zot)
  2 kobolds (Zot)
  2 rats (Zot)
17 creatures vanquished.

Vanquished Creatures (collateral kills)
  Ijyb (Zot)
  A giant mite (Zot)
  A jackal (Zot)
  A quokka (Zot)
  A ball python (Zot)
  4 bats (Zot)
  4 giant cockroaches (Zot)
  2 kobolds (Zot)
  A rat (Zot)
16 creatures vanquished.

Vanquished Creatures (others)
  A burning bush (Zot)
  An oklob sapling (Zot)
2 creatures vanquished.

Grand Total: 35 creatures vanquished

Notes
Turn   | Place    | Note
--------------------------------------------------------------
     0 | Zot      | Iskender, the Deep Elf Conjurer, began the quest for the Orb.
     0 | Zot      | Reached XP level 1. HP: 10/10 MP: 5/5
   199 | Zot      | Reached XP level 2. HP: 15/15 MP: 1/8
   236 | Zot      | Learned a level 2 spell: Searing Ray
   254 | Zot      | Reached skill level 5 in Conjurations
   376 | Zot      | Reached XP level 3. HP: 19/19 MP: 8/10
   400 | Zot      | Noticed Xazappokhly
   441 | Zot      | Killed Xazappokhly the hungry ghost
   441 | Zot      | Reached skill level 8 in Conjurations
   441 | Zot      | Reached XP level 4. HP: 18/24 MP: 0/13
   441 | Zot      | Reached XP level 5. HP: 21/28 MP: 0/16
   441 | Zot      | Reached XP level 6. HP: 24/32 MP: 0/18
   460 | Zot      | Became a worshipper of Sif Muna the Loreminder
   466 | Zot      | Learned a level 4 spell: Iskenderun's Mystic Blast
   502 | Zot      | Noticed Ijyb
   517 | Zot      | Killed Ijyb
   623 | Zot      | Slain by an adder

Action                   |  1- 3 |  4- 6 || total
-------------------------+-------+-------++-------
Melee: Unarmed           |    41 |     5 ||    46
       Short sword       |       |     8 ||     8
 Cast: Magic Dart        |    27 |    15 ||    42
       Searing Ray       |     2 |     3 ||     5
 Abil: Make oklob saplin |     1 |       ||     1
       Make altar        |       |     1 ||     1
       Make burning bush |       |     1 ||     1
  Use: Potion            |     1 |       ||     1
 Stab: Distracted        |     2 |       ||     2
